 Dungeon Crawl Stone Soup version 0.23-a0-681-g26ad783 (webtiles) character file.

1387 Blackhawk the Spear-Bearer (level 8, -2/94 HPs)
             Began as a Merfolk Gladiator on Jan 10, 2019.
             Slain by an ancient zyme (7 damage)
             ... on level 1 of the Abyss.
             The game lasted 00:11:51 (5582 turns).

Blackhawk the Spear-Bearer (Merfolk Gladiator)      Turns: 5582, Time: 00:11:51

Health: -2/94      AC: 24    Str: 17    XL:     8   Next: 67%
Magic:  8/8        EV:  2    Int:  7    God:
Gold:   307        SH:  0    Dex: 15    Spells: 7/7 levels left

rFire    . . .     SeeInvis .   r - +1 trident (venom)
rCold    . . .     Gourm    .   (no shield)
rNeg     + + +     Faith    .   (armour currently unavailable)
rPois    +         Spirit   .   (helmet currently unavailable)
rElec    .         Reflect  .   (cloak currently unavailable)
rCorr    .         Harm     .   (gloves currently unavailable)
MR       .....     NoTele   +   (boots currently unavailable)
Stlth    +.........             (no amulet)
HPRegen  0.00/turn              (no ring)
MPRegen  0.11/turn              (no ring)

@: tree-form, non-regenerating, diseased
A: (change form in water), (swift swim), (stealthy swim)
a: no special abilities


You were on level 1 of the Abyss.
You were very hungry.
You were a tree.
You visited 1 branch of the dungeon, and saw 5 of its levels.
You visited the Abyss 1 time.

You collected 307 gold pieces.

Inventory:

Hand Weapons
 r - a +1 trident of venom (weapon)
Missiles
 d - 3 throwing nets (quivered)
Armour
 c - a +0 helmet (melded)
 m - a +2 chain mail of poison resistance (melded)
Wands
 q - a wand of polymorph (2)
 s - a wand of iceblast (8)
Scrolls
 e - a scroll of remove curse
 g - 2 scrolls of immolation
 i - a scroll of noise
 j - 3 scrolls of identify
 p - a scroll of fear
Potions
 k - 6 potions of curing
 t - a potion of flight
Miscellaneous
 a - a phantom mirror
Comestibles
 f - 6 rations


   Skills:
 + Level 5.5 Fighting
 + Level 8.0 Polearms
 + Level 5.0 Throwing
 + Level 3.1 Armour
 + Level 7.3 Dodging


You had 7 spell levels left.
You didn't know any spells.
Your spell library contained the following spells:

 Spells                   Type           Power        Failure   Level  Hunger
 Corona                   Hex            #......      43%         1    ##.....
 Ensorcelled Hibernation  Hex/Ice        #.....       56%         2    ###....
 Confuse                  Hex            #.......     80%         3    ####...
 Dazzling Spray           Conj/Hex       #.....       80%         3    ####...
 Tukima's Dance           Hex            #.......     80%         3    ####...


Dungeon Overview and Level Annotations

Branches:
Dungeon (5/15)
 Temple: D:4-7

Altars:
Dithmenos
Vehumet
Wu Jian
The Shining One


Message History

The thrashing horror tramples you but does no damage. x2
The ancient zyme hits you but does no damage. x2
As you read the scroll labeled IMPO LOTETO, it crumbles to dust.
It is a scroll of enchant armour.
Really abort (and waste the scroll)?
Okay, then.
The thrashing horror roars!
You hear a bellow!
The thrashing horror tramples you but does no damage. x2
The ancient zyme hits you.
* * * LOW HITPOINT WARNING * * *
The ancient zyme hits you but does no damage.
As you read the scroll labeled RUIDAY TYPHATI, it crumbles to dust.
The scroll dissolves into smoke.
It was a scroll of fog.
The thrashing horror roars!
The thrashing horror tramples you.
* * * LOW HITPOINT WARNING * * *
The thrashing horror tramples you but does no damage.
The ancient zyme hits you but does no damage.
The ancient zyme hits you!
You die...

#.#.##.
##.#..#
#.....### #.#
###.#.# ## ##
##.#.## ###.
#.....#
.....###....#
..#
#X§..##.##...
##5§...##....
#♣x§.#.# .x.
###§#### ....
.... . .. ..#
#.# ... #. ..
# . . .. .53.


You could see an ancient zyme, a thrashing horror (inner flame) and a shadow
imp.

Vanquished Creatures
  A two-headed ogre (D:5)
  A phantom (D:4)
  An ogre (D:4)
  A scorpion (D:5)
  2 crimson imps (D:5)
  An orc priest (D:4)
  A hound (D:5)
  3 orc wizards
  2 bullfrog skeletons
  An iguana (D:4)
  3 worker ants
  4 adders
  8 gnolls
  An ufetubus (Abyss:1)
  4 worms
  A dart slug (D:2)
  3 leopard geckos
  7 orcs
  5 giant cockroaches
  3 goblins
  2 hobgoblins
  6 kobolds
  3 quokkas
  3 ball pythons
  8 bats
  3 frilled lizards (D:1)
  A jackal skeleton (D:2)
  5 rats
84 creatures vanquished.

Notes
Turn   | Place    | Note
-------+----------+-------------------------------------------
     0 | D:1      | Blackhawk the Merfolk Gladiator began the quest for the
                  | Orb.
     0 | D:1      | Reached XP level 1. HP: 16/16 MP: 1/1
   258 | D:1      | Reached XP level 2. HP: 23/23 MP: 2/2
   938 | D:2      | Found an ornate altar of the Wu Jian Council.
   951 | D:2      | Reached XP level 3. HP: 20/28 MP: 3/3
  1236 | D:2      | Reached skill level 5 in Polearms
  1481 | D:2      | Reached XP level 4. HP: 34/34 MP: 4/4
  2141 | D:3      | Found a radiant altar of Vehumet.
  2146 | D:3      | Found a shadowy altar of Dithmenos.
  2151 | D:3      | Found a glowing golden altar of the Shining One.
  2908 | D:4      | Reached skill level 5 in Dodging
  2908 | D:4      | Reached XP level 5. HP: 31/41 MP: 5/5
  2969 | D:4      | Reached skill level 1 in Armour
  3527 | D:4      | Reached XP level 6. HP: 46/48 MP: 6/6
  3789 | D:4      | Noticed a phantom
  3835 | D:4      | Killed a phantom
  3835 | D:4      | Reached skill level 6 in Polearms
  4031 | D:4      | Reached XP level 7. HP: 54/54 MP: 7/7
  4311 | D:5      | Entered Level 5 of the Dungeon
  4761 | D:5      | Noticed a two-headed ogre
  5014 | D:5      | Reached skill level 7 in Polearms
  5155 | D:5      | Killed a two-headed ogre
  5155 | D:5      | Reached skill level 5 in Fighting
  5155 | D:5      | Reached skill level 8 in Polearms
  5155 | D:5      | Reached skill level 5 in Throwing
  5155 | D:5      | Reached XP level 8. HP: 8/63 MP: 8/8
  5482 | D:5      | Cast into level 1 of the Abyss (gnoll sergeant)
  5559 | Abyss:1  | Noticed a thrashing horror
  5570 | Abyss:1  | Noticed an ancient zyme
  5582 | Abyss:1  | Slain by an ancient zyme

Vault maps used:
D:1:      minmay_arrival_four_loops, st_stairs_14, minmay_bisected
D:2:      old_standard_altar, first_ration
D:3:      grunt_temple_overflow_open
D:4:      serial_bayou_pond_b
Abyss:1:  abyss_furniture_001

Skill      XL: |  1  2  3  4  5  6  7 |
---------------+----------------------+-----
Polearms       | 5 6 8 |  8.0
Fighting       | 3 4 5 |  5.5
Dodging        | 5 7 |  7.3
Throwing       | 3 5 |  5.0
Armour         | 1 3 |  3.1

Action                   |  1- 3 |  4- 6 |  7- 9 || total
-------------------------+-------+-------+-------++-------
Melee: Trident           |    94 |   225 |   160 ||   479
Evoke: Wand              |       |       |     3 ||     3
  Use: Scroll            |       |       |    11 ||    11
       Potion            |       |       |     1 ||     1
 Stab: Sleeping          |     3 |       |       ||     3
  Eat: Chunk             |     2 |     8 |     4 ||    14
Armor: Leather armour    |    12 |       |       ||    12
       Chain mail        |     7 |   132 |    82 ||   221
       Skin              |       |       |     9 ||     9
Dodge: Dodged            |    58 |    99 |    80 ||   237

Table legend:
 A = Non-vault XP
 B = Vault XP
 C = Vault XP percentage of total XP
 D = Non-vault monster count
 E = Vault monster count
 F = Vault count percentage of total count
                 A         B        C        D         E       F
            +---------+---------+-------+---------+---------+-------
      Total |    1940 |      42 |   2.1 |      77 |       7 |   8.3
            +---------+---------+-------+---------+---------+-------
        D:1 |      17 |       6 |  26.1 |      12 |       4 |  25.0
        D:2 |      67 |       0 |   0.0 |      17 |       0 |   0.0
        D:3 |     148 |       0 |   0.0 |      16 |       0 |   0.0
        D:4 |     411 |      36 |   8.1 |      12 |       3 |  20.0
        D:5 |    1289 |       0 |   0.0 |      19 |       0 |   0.0
    Abyss:1 |       8 |       0 |   0.0 |       1 |       0 |   0.0
            +---------+---------+-------+---------+---------+-------
